[Event "Team 45 45 League T39"]
[Site "Internet Chess Club"]
[Date "2008.10.28"]
[Round "1"]
[White "onslaught"]
[Black "fllinc"]
[Result "1-0"]
[WhiteElo "2162"]
[BlackElo "2059"]
[Opening "Nimzo-Indian: classical variation"]
[ECO "E32"]
[Time "16:56:00"]
[TimeControl "2700+45"]

1. d4 Nf6 2. c4 e6 3. Nc3 Bb4 4. Qc2 O-O 5. a3 Bxc3+ 6. Qxc3 Ne4 7. Qc2 d5 8. e3
b6 9. Bd3 Bb7 10. Ne2 f5 11. f3 Qh4+ 12. g3 Qf6 13. cxd5 Ng5 14. O-O Bxd5 15.
Kg2 c5 16. Nc3 Bxf3+ 17. Rxf3 Nxf3 18. Kxf3 cxd4 19. exd4 Nc6 20. Qa4 Nxd4+ 21.
Kg2 a6 22. Ne2 Rfd8 23. Nxd4 Qxd4 24. Qxd4 Rxd4 25. Be2 Rc8 26. Be3 Rd6 27. b4
Rc2 28. Kf3 b5 29. a4 e5 30. axb5 e4+ 31. Kf4 Rxe2 32. bxa6 Rd8 33. a7 Ra8 34.
Bc5 g6 35. b5 Kf7 36. Ke5 Rc2 37. Bd4 Rd2 38. b6 Re8+ 39. Kd5 Rd8+ 40. Kc6 R2xd4
41. a8=Q R4d6+ 42. Kc5 Rxa8 43. Rxa8 {Black resigns} 1-0

[Event "Team 45 45 League T39"]
[Site "Internet Chess Club"]
[Date "2008.10.26"]
[Round "1"]
[White "BenBoiss"]
[Black "jonesey"]
[Result "0-1"]
[WhiteElo "1710"]
[BlackElo "1932"]
[Opening "English: symmetrical, Benoni formation"]
[ECO "A31"]
[Time "13:16:32"]
[TimeControl "2700+45"]

1. d4 Nf6 2. c4 c5 3. Nf3 cxd4 4. Nxd4 e5 5. Nf3 e4 6. Nd4 d5 7. Nc3 dxc4 8. e3
Be7 9. Bxc4 O-O 10. Qc2 Qc7 11. Be2 Nc6 12. Nxc6 Qxc6 13. O-O Bf5 14. Bd2 Rac8
15. Rac1 Rfd8 16. Rfd1 Ng4 17. Be1 Qh6 18. Rxd8+ Bxd8 19. Bxg4 Bxg4 20. Qxe4 Bd7
21. Qxb7 Bc7 22. g3 Qh3 23. Nd5 Bd6 24. Rxc8+ Bxc8 25. Qc6 Qe6 26. Bc3 h5 27. e4
Bd7 28. Qc4 h4 29. Qd4 Bf8 30. Nf4 Qg4 31. h3 Qf3 32. Qxd7 hxg3 33. fxg3 Bc5+
34. Bd4 Qd1+ 35. Kg2 Bxd4 36. e5 Qd2+ 37. Kf3 Qe3+ 38. Kg4 Qxe5 39. b3 g6 40.
Qd5 Qf6 41. h4 Be5 42. Qe4 Qd6 43. Qd5 Bxf4 44. Qf3 Be5 45. Kh3 Qd7+ 46. Kg2
Qd2+ 47. Kh3 Qxa2 48. h5 Qb1 49. g4 Qb2 50. g5 Qh2+ 51. Kg4 Qxh5# {White
checkmated} 0-1

[Event "Team 45 45 League T39"]
[Site "Internet Chess Club"]
[Date "2008.10.26"]
[Round "1"]
[White "gagdad"]
[Black "Portola"]
[Result "0-1"]
[WhiteElo "1630"]
[BlackElo "1596"]
[Opening "French: exchange variation"]
[ECO "C01"]
[Time "20:36:59"]
[TimeControl "2700+45"]

1. e4 e6 2. d4 d5 3. exd5 exd5 4. Nf3 Nf6 5. Bg5 Be7 6. c4 O-O 7. Nc3 Be6 8.
cxd5 Nxd5 9. Bxe7 Qxe7 10. Be2 Nd7 11. O-O c6 12. Re1 Qf6 13. Ne4 Qd8 14. Neg5
Bf5 15. Nh4 Qxg5 16. Nxf5 Qxf5 17. Bg4 Qg6 18. Bxd7 Rad8 19. Bg4 Rfe8 20. Qf3
Qf6 21. Qd3 g6 22. Bf3 Nf4 23. Rxe8+ Rxe8 24. Qc4 Nh3+ 25. Kh1 Nxf2+ 26. Kg1 Ne4
27. Re1 Nd6 28. Rxe8+ Nxe8 29. Qb4 Nd6 30. d5 cxd5 31. Bxd5 b6 32. h3 Nf5 33.
Qf4 Qxb2 34. Qb8+ Kg7 35. Qxa7 Qc1+ 36. Kh2 Qf4+ 37. Kg1 Qd4+ 38. Kh2 Qxd5 39.
Qxb6 Qxa2 40. Qc5 Qb2 41. Kg1 Qd4+ {White resigns} 0-1

[Event "Team 45 45 League T39"]
[Site "Internet Chess Club"]
[Date "2008.10.25"]
[Round "1"]
[White "Emrebey"]
[Black "Tjet"]
[Result "1/2-1/2"]
[WhiteElo "1558"]
[BlackElo "1592"]
[Opening "English opening"]
[ECO "A10"]
[Time "13:02:29"]
[TimeControl "2700+45"]

1. c4 d6 2. Nf3 e5 3. Nc3 g6 4. d3 Bg7 5. g3 b6 6. Bg2 Bb7 7. O-O Nf6 8. Rb1 O-O
9. b4 Nbd7 10. Bb2 c5 11. Nb5 Qb8 12. a3 a6 13. Nc3 Qc7 14. e4 cxb4 15. axb4
Rfc8 16. Bh3 Bh6 17. Bc1 Bg7 18. b5 a5 19. Be3 Rd8 20. Nd2 Nc5 21. Nb3 Rab8 22.
Bg2 Ba8 23. f4 exf4 {Game drawn by mutual agreement} 1/2-1/2

[Event "Team 45 45 League T39"]
[Site "Internet Chess Club"]
[Date "2008.10.26"]
[Round "1"]
[White "g8wrb"]
[Black "BarryNL"]
[Result "1/2-1/2"]
[WhiteElo "1362"]
[BlackElo "1511"]
[Opening "French: Tarrasch, open, 4.ed ed"]
[ECO "C08"]
[Time "05:04:26"]
[TimeControl "2700+45"]

1. e4 e6 2. d4 d5 3. Nd2 c5 4. exd5 exd5 5. Ndf3 Nc6 6. dxc5 Bxc5 7. Bd3 Nf6 8.
Ne2 O-O 9. O-O Be6 10. Bg5 Be7 11. Ned4 Nxd4 12. Nxd4 a6 13. Re1 Qd6 14. Nf3
Rfe8 15. c3 Nd7 16. Bxe7 Rxe7 17. Qc2 h6 18. Re3 Rae8 19. Rae1 Nc5 20. b3 Nxd3
21. Qxd3 Qc5 22. Qd4 Qxd4 23. Nxd4 Kf8 24. h3 Bd7 25. Rxe7 Rxe7 26. Rxe7 Kxe7
27. g4 g6 28. Kg2 Kf6 29. Kg3 Ke5 30. f3 f5 31. h4 fxg4 32. fxg4 Ke4 33. g5 h5
34. Kf2 Kd3 35. Ne2 Ke4 36. Nd4 Bg4 37. Ne2 Bxe2 38. Kxe2 Kf4 39. c4 dxc4 40.
bxc4 Kg4 41. Kd3 Kxh4 42. Kd4 Kxg5 43. Kc5 h4 44. Kb6 h3 45. Kxb7 h2 46. c5
h1=Q+ 47. c6 Qxc6+ 48. Kxc6 Kf5 49. a4 g5 50. Kb6 g4 51. Kxa6 g3 52. Kb7 g2 53.
a5 g1=Q 54. a6 Qg7+ 55. Kb6 Qf6+ 56. Kb7 Qe7+ 57. Kb6 Qd6+ 58. Kb7 Qb4+ 59. Ka8
Qe4+ 60. Kb8 Qc6 61. a7 {Game drawn by mutual agreement} 1/2-1/2

[Event "Team 45 45 League T39"]
[Site "Internet Chess Club"]
[Date "2008.10.25"]
[Round "1"]
[White "Zappy"]
[Black "parrot9"]
[Result "0-1"]
[WhiteElo "1579"]
[BlackElo "1718"]
[Opening "Sicilian: Najdorf, Lipnitzky attack"]
[ECO "B86"]
[Time "08:35:11"]
[TimeControl "2700+45"]

1. e4 c5 2. Nf3 d6 3. d4 cxd4 4. Nxd4 Nf6 5. Nc3 a6 6. Bc4 e6 7. Bg5 Be7 8. O-O
Nc6 9. Nf3 b5 10. Bb3 b4 11. Ne2 Nxe4 12. Bxe7 Qxe7 13. Ba4 Bd7 14. Nfd4 Rc8 15.
Bxc6 Bxc6 16. Nxc6 Rxc6 17. Nd4 Rc8 18. f4 O-O 19. Re1 Nf6 20. f5 e5 21. Nf3
Rfd8 22. h3 Qa7+ 23. Kh1 Qc5 24. Rc1 a5 25. c3 h6 26. cxb4 Qxb4 27. b3 e4 28.
Nd2 d5 29. Nf1 d4 30. Ng3 e3 31. Rxc8 Rxc8 32. Nf1 Qc3 33. Qe2 Qc2 34. Qxc2 Rxc2
35. Nxe3 dxe3 36. Rxe3 Rxa2 37. Kh2 Rb2 38. Kg3 Nh5+ 39. Kg4 g6 40. fxg6 fxg6
41. Kf3 Kf7 42. Rd3 Nf6 43. g3 Rb1 44. Rc3 Ke6 45. Rc6+ Ke5 46. Rb6 h5 47. Rb5+
Nd5 48. g4 hxg4+ 49. Kxg4 Rg1+ 50. Kf3 Rb1 51. Kg4 Kd4 52. Kg5 Rg1+ 53. Kh4 g5+
54. Kh5 Nf4+ 55. Kh6 Nxh3 56. Rxa5 Rg3 57. b4 Rb3 58. b5 Kc5 59. Kh5 Kb6 60. Ra8
Rb4 61. Kg6 g4 62. Rg8 Nf2 63. Kh5 Rb3 64. Rg5 g3 65. Kh4 Ne4 66. Rg8 Re3 67.
Rb8+ Kc7 68. Rg8 Re2 69. Rg6 Rh2+ 70. Kg4 Rd2 71. Kf3 Rd4 72. Kg2 Rb4 73. Kf3
Kd7 74. b6 Ke7 75. b7 Kf7 76. Rg4 Rxb7 77. Rxe4 Rb3+ 78. Re3 g2 79. Rxb3 g1=Q
80. Re3 Qf1+ 81. Ke4 Qb1+ 82. Rd3 Ke6 83. Ke3 Ke5 84. Kd2 Qb2+ 85. Ke3 Qc1+ 86.
Kf3 Qc5 87. Re3+ Kf5 88. Ke2 Qc2+ 89. Kf3 Qc6+ 90. Ke2 Kf4 91. Rd3 Qg2+ 92. Kd1
Ke4 93. Rd2 Qf1+ 94. Kc2 Qc4+ 95. Kb2 Ke3 96. Rc2 Qb4+ 97. Ka2 Kd3 98. Rh2 Qa5+
99. Kb1 Qb4+ 100. Ka2 Qa4+ 101. Kb1 Qd1+ 102. Ka2 Qg4 103. Kb1 Qf5 104. Ka2 Qe6+
105. Kb1 Kc3 106. Rb2 Qg6+ 107. Ka2 Qe6+ 108. Kb1 Kd3 109. Ka1 Kc3 110. Kb1 Qg6+
111. Ka2 Kc4 112. Ka1 Qe4 113. Ka2 Qe5 114. Kb1 Qe1+ 115. Ka2 Qd1 116. Rf2 Qb3+
117. Ka1 Qa3+ 118. Ra2 Qc1# {White checkmated} 0-1

[Event "Team 45 45 League T39"]
[Site "Internet Chess Club"]
[Date "2008.10.25"]
[Round "1"]
[White "ElmerHo"]
[Black "ChessForce"]
[Result "1/2-1/2"]
[WhiteElo "1602"]
[BlackElo "1511"]
[Opening "Caro-Kann: advance variation"]
[ECO "B12"]
[Time "20:03:02"]
[TimeControl "2700+45"]

1. e4 c6 2. d4 d5 3. e5 Bf5 4. Nf3 e6 5. Be2 Nd7 6. O-O Qb6 7. Nbd2 c5 8. c3 f6
9. Re1 fxe5 10. Nxe5 Nxe5 11. dxe5 c4 12. Nf3 Bc5 13. Nd4 Bxd4 14. Qxd4 Qxd4 15.
cxd4 Ne7 16. Bd2 Nc6 17. Bc3 O-O 18. Rf1 b5 19. a3 a5 20. b4 axb4 21. axb4 Be4
22. Bg4 Rae8 23. Ra6 Nd8 24. Rb6 Bf5 25. Bxf5 Rxf5 26. Rxb5 Rf4 27. Rb6 Re4 28.
Re1 Rxe1+ 29. Bxe1 Re7 30. Rb8 Rd7 31. b5 Kf7 32. Kf1 Ke7 33. Bb4+ Ke8 34. Ke2
Rb7 35. Rxb7 Nxb7 36. Kd2 Kd7 37. Kc3 Kc7 38. Bf8 Kb6 39. Kb4 g6 40. g4 Kc7 41.
h4 Kb6 42. f4 Nd8 43. Bc5+ Kc7 44. Kc3 h5 45. gxh5 gxh5 46. Be7 Nb7 47. Kb4 Kd7
48. Bf8 Ke8 {Game drawn by mutual agreement} 1/2-1/2

[Event "Team 45 45 League T39"]
[Site "Internet Chess Club"]
[Date "2008.10.25"]
[Round "1"]
[White "andrew0311"]
[Black "Invicta-Knight"]
[Result "0-1"]
[WhiteElo "1389"]
[BlackElo "1474"]
[Opening "Scandinavian: Pytel-Wade variation"]
[ECO "B01"]
[Time "10:37:27"]
[TimeControl "2700+45"]

1. e4 d5 2. exd5 Qxd5 3. Nc3 Qd6 4. Nf3 a6 5. Bc4 Nf6 6. d3 b5 7. Bb3 Bb7 8. O-O
e6 9. Bd2 b4 10. Ne2 Bxf3 11. gxf3 Nbd7 12. Ng3 Be7 13. Qe2 c5 14. a3 h5 15.
axb4 cxb4 16. Ne4 Qb6 17. Be3 Qb8 18. Bc4 a5 19. Ra2 h4 20. Rfa1 Bd8 21. f4 Nxe4
22. dxe4 Rg8 23. f5 Bc7 24. h3 exf5 25. Bd5 g5 26. Bxa8 Qxa8 27. exf5 g4 28.
Bb6+ Kd8 29. Bxc7+ Kxc7 30. Rxa5 gxh3+ 31. Qg4 Rxg4+ 32. Kf1 Rg1+ 33. Ke2 Rxa1
34. Rxa8 Rxa8 35. Kf1 Ra1+ 36. Ke2 h2 37. c3 bxc3 38. bxc3 h1=Q 39. f6 Qe4+ 40.
Kd2 Ra2+ 41. Kd1 Qh1# {White checkmated} 0-1

[Event "Team 45 45 League T39"]
[Site "Internet Chess Club"]
[Date "2008.10.25"]
[Round "1"]
[White "twintower"]
[Black "mumu"]
[Result "1-0"]
[WhiteElo "1462"]
[BlackElo "1220"]
[Opening "Sicilian defense"]
[ECO "B20"]
[Time "18:33:24"]
[TimeControl "2700+45"]

1. e4 c5 2. d3 g6 3. g3 Bg7 4. Bg2 d6 5. f4 Nc6 6. Nf3 e6 7. O-O Nge7 8. Be3 Bd7
9. Nbd2 O-O 10. c3 b5 11. Re1 a5 12. e5 dxe5 13. fxe5 Qb6 14. d4 cxd4 15. cxd4
Qc7 16. Rc1 Nd5 17. Bf2 Qd8 18. Ne4 b4 19. Nd6 Qc7 20. Rc5 a4 21. Nd2 Rab8 22.
Bxd5 exd5 23. Qxa4 Qb6 24. Qb3 Bh6 25. Nf3 Be6 26. Be3 Bg7 27. Ng5 Na5 28. Qd1
b3 29. a3 Nc4 30. Nxc4 dxc4 31. d5 Bd7 32. Rxc4 Qd8 33. e6 fxe6 34. dxe6 Bb5 35.
Qxd8 Rfxd8 36. Rb4 Be8 37. Rxb8 Rxb8 38. Rd1 Bxb2 39. Bc5 Bf6 40. Ne4 Be5 41. e7
b2 42. Rb1 Kf7 43. Nd6+ Bxd6 44. Bxd6 Ba4 45. Bb4 h5 46. Rxb2 g5 47. Rf2+ Kg6
48. Rf8 Re8 49. Rf2 g4 50. Rd2 Kg5 51. Rd5+ Kg6 52. Kf2 Rg8 53. Ke3 Be8 54. Kf4
Kf6 55. Rf5+ Ke6 56. Rg5 Kf6 57. Ra5 Bc6 58. Ra6 Rc8 59. Rxc6+ Rxc6 60. e8=Q
Rc4+ 61. Ke3 Kf5 62. Qf7+ Ke5 63. Qxc4 Kf5 64. Qf4+ Kg6 65. Qe5 Kf7 66. Qd6 Kg7
67. Kf4 h4 68. gxh4 g3 69. hxg3 Kf7 70. Kg5 Kg7 71. Qe7+ Kg8 72. Kg6 Kh8 73.
Qg7# {Black checkmated} 1-0

[Event "Team 45 45 League T39"]
[Site "Internet Chess Club"]
[Date "2008.10.25"]
[Round "1"]
[White "Fegary"]
[Black "chiiwen"]
[Result "1-0"]
[WhiteElo "2104"]
[BlackElo "2083"]
[Opening "Sicilian: closed"]
[ECO "B24"]
[Time "13:45:32"]
[TimeControl "2700+45"]

1. e4 c5 2. Nc3 Nc6 3. g3 g6 4. Bg2 Bg7 5. Nge2 d6 6. O-O e6 7. d3 Nge7 8. Bg5
h6 9. Be3 Nd4 10. Rb1 O-O 11. Qd2 Kh7 12. b4 Nec6 13. bxc5 dxc5 14. f4 Qa5 15.
e5 f6 16. Bxc6 bxc6 17. Nxd4 cxd4 18. Bxd4 fxe5 19. Bxe5 Bxe5 20. fxe5 Rxf1+ 21.
Rxf1 Qxe5 22. Rf7+ Kg8 23. Qf2 Ba6 24. Ne4 Qa1+ 25. Kg2 Qb2 26. Nc5 Bb5 27. Nxe6
{Black resigns} 1-0

[Event "Team 45 45 League T39"]
[Site "Internet Chess Club"]
[Date "2008.10.24"]
[Round "1"]
[White "martineden"]
[Black "smitty120"]
[Result "0-1"]
[WhiteElo "1948"]
[BlackElo "1918"]
[Opening "King's Indian: Andersson variation"]
[ECO "E92"]
[Time "12:02:21"]
[TimeControl "2700+45"]

1. d4 Nf6 2. c4 g6 3. Nc3 Bg7 4. Nf3 d6 5. e4 O-O 6. Be2 e5 7. dxe5 dxe5 8. Qxd8
Rxd8 9. Bg5 Nc6 10. Nd5 Rd6 11. Bxf6 Bxf6 12. Nxc7 Rb8 13. Ne8 Re6 14. Nxf6+
Rxf6 15. Rd1 Rf4 16. Nd2 Nd4 17. g3 Rf6 18. O-O Nxe2+ {White resigns} 0-1

[Event "Team 45 45 League T39"]
[Site "Internet Chess Club"]
[Date "2008.10.23"]
[Round "1"]
[White "Cryptochess"]
[Black "KarloTurk"]
[Result "0-1"]
[WhiteElo "1990"]
[BlackElo "2065"]
[Opening "Semi-Benoni (`blockade variation')"]
[ECO "A44"]
[Time "11:59:08"]
[TimeControl "2700+45"]

1. d4 c5 2. d5 e5 3. e4 d6 4. Bb5+ Bd7 5. Bxd7+ Nxd7 6. Nf3 g6 7. O-O Bg7 8. Nc3
a6 9. a4 Ne7 10. Nd2 O-O 11. Nc4 Nb6 12. Nxb6 Qxb6 13. Bd2 h6 14. Qe2 f5 15. f3
f4 16. a5 Qc7 17. Na4 g5 18. Nb6 Rae8 19. h3 Nc8 20. Nxc8 Qxc8 21. c3 h5 22. Kf2
Kf7 23. Rh1 Rh8 24. Rag1 Bf6 25. g4 Rh7 26. gxh5 Rxh5 27. Rg4 Reh8 28. Qf1 R8h7
29. Be1 Qh8 30. h4 Rxh4 31. Rhxh4 Rxh4 32. Rxh4 Qxh4+ 33. Ke2 Qh2+ 34. Qf2 Qxf2+
35. Kxf2 c4 36. Kg2 Bd8 37. Kh3 Bxa5 38. Kg4 Kg6 39. Bf2 b5 40. Ba7 Bc7 41. Bf2
a5 42. Bg1 b4 43. cxb4 axb4 44. Bf2 c3 45. bxc3 b3 {White resigns} 0-1

[Event "Team 45 45 League T39"]
[Site "Internet Chess Club"]
[Date "2008.10.22"]
[Round "1"]
[White "chess9793"]
[Black "chessateer"]
[Result "0-1"]
[WhiteElo "1805"]
[BlackElo "1848"]
[Opening "Ruy Lopez: closed"]
[ECO "C90"]
[Time "20:13:47"]
[TimeControl "2700+45"]

1. e4 e5 2. Nf3 Nc6 3. Bb5 a6 4. Ba4 Nf6 5. O-O b5 6. Bb3 Be7 7. Re1 d6 8. Nc3
Na5 9. d3 Nxb3 10. axb3 O-O 11. h3 b4 12. Na2 c5 13. Be3 Bb7 14. Qd2 Qc7 15. c3
a5 16. Rec1 Qb8 17. Re1 d5 18. exd5 Nxd5 19. Bg5 Bxg5 20. Qxg5 f6 21. Qd2 Nf4
22. Qd1 Rd8 23. Nc1 e4 24. Nh4 g5 25. Nf5 exd3 26. Re7 Bxg2 27. Nh6+ Kh8 28.
Nf7+ Kg8 29. Nxd8 Qxd8 30. Re3 Bc6 31. Nxd3 Qd5 32. f3 Nxh3+ 33. Kh2 g4 34. Ne1
Qg5 35. Nc2 Qf4+ 36. Kg2 gxf3+ 37. Kxh3 Qh6+ 38. Kg3 Qg5+ 39. Kf2 Qg2+ 40. Ke1
f2+ 41. Ke2 f1=Q# {White checkmated} 0-1

[Event "Team 45 45 League T39"]
[Site "Internet Chess Club"]
[Date "2008.10.24"]
[Round "1"]
[White "SonOfFlash"]
[Black "Campagnolo"]
[Result "1/2-1/2"]
[WhiteElo "2099"]
[BlackElo "2072"]
[Opening "Ruy Lopez: closed"]
[ECO "C90"]
[Time "20:14:12"]
[TimeControl "2700+45"]

1. e4 e5 2. Nf3 Nc6 3. Bb5 a6 4. Ba4 Nf6 5. O-O Be7 6. Re1 b5 7. Bb3 d6 8. h3
Na5 9. d4 Nxb3 10. axb3 Bb7 11. Nc3 O-O 12. Bg5 Nd7 13. Bxe7 Qxe7 14. dxe5 Nxe5
15. Nd4 Qf6 16. Nd5 Bxd5 17. exd5 Rfe8 18. Qd2 g5 19. c3 Kh8 20. Ra5 Rg8 21. g3
g4 22. h4 Nf3+ 23. Nxf3 gxf3 24. Re4 Rae8 25. Rf4 Re1+ 26. Kh2 Qe5 27. Rxf3 Re2
28. Qd3 Kg7 29. Rxa6 Rxb2 30. Ra7 Rc8 31. b4 Re2 32. Rf5 Qe4 33. Qxe4 Rxe4 34.
Rb7 Rc4 35. Rf3 Re8 36. Rxb5 Re2 37. Ra5 Rc2 38. Ra6 R4xc3 39. Rxc3 Rxc3 40. Rc6
Rd3 41. Rxc7 Rxd5 42. Rc2 Kf6 43. Kh3 Ke5 44. Rb2 Rb5 45. Kg4 d5 46. Rb1 d4 47.
f4+ Ke4 48. f5 d3 49. h5 d2 50. Rd1 Kd3 51. Kg5 Rb6 52. f6 Ke2 53. Ra1 d1=Q 54.
Rxd1 Kxd1 55. Kh6 Rxf6+ 56. Kxh7 {Game drawn by mutual agreement} 1/2-1/2

[Event "Team 45 45 League T39"]
[Site "Internet Chess Club"]
[Date "2008.10.23"]
[Round "1"]
[White "nosalt"]
[Black "DFME"]
[Result "1-0"]
[WhiteElo "2008"]
[BlackElo "2015"]
[Opening "Ruy Lopez: Wormald (Alapin) attack"]
[ECO "C77"]
[Time "15:08:05"]
[TimeControl "2700+45"]

1. e4 e5 2. Nf3 Nc6 3. Bb5 a6 4. Ba4 Nf6 5. Qe2 Be7 6. c3 b5 7. Bb3 O-O 8. d4
exd4 9. cxd4 d5 10. e5 Ne4 11. Nbd2 Nxd2 12. Bxd2 Bg4 13. Be3 Bb4+ 14. Kf1 f5
15. Rc1 Na5 16. Bd1 Bxf3 17. gxf3 f4 18. Bd2 Bxd2 19. Qxd2 Nc4 20. Qc2 Qg5 21.
b3 Nb6 22. Rg1 Qh6 23. Qc6 Qxc6 24. Rxc6 Rac8 25. Bc2 g6 26. h4 Kg7 27. h5 b4
28. hxg6 h6 29. Bd3 Nd7 30. Rxa6 Ra8 31. Re6 Rae8 32. Rc6 Rc8 33. Ke2 Nb8 34.
Re6 Rce8 35. Rxe8 Rxe8 36. Rc1 c6 37. Kf1 h5 38. Kg2 h4 39. Kh3 Rh8 40. Rc5 Rc8
41. Kxh4 Nd7 42. Ra5 Rc7 43. Bf5 Nf8 44. Kg5 {Black resigns} 1-0

[Event "Team 45 45 League T39"]
[Site "Internet Chess Club"]
[Date "2008.10.24"]
[Round "1"]
[White "MrKarma"]
[Black "livis"]
[Result "0-1"]
[WhiteElo "1622"]
[BlackElo "1952"]
[Opening "French: Steinitz variation"]
[ECO "C11"]
[Time "17:01:37"]
[TimeControl "2700+45"]

1. d4 e6 2. e4 d5 3. Nc3 Nf6 4. e5 Nfd7 5. Nf3 a6 6. Bd3 c5 7. b3 Nc6 8. Be3
cxd4 9. Nxd4 Ndxe5 10. Nxc6 Nxd3+ 11. Qxd3 bxc6 12. Ne2 Be7 13. O-O O-O 14. Nd4
Bd7 15. f4 c5 16. Nf3 d4 17. Bd2 Bb5 18. Qe4 Bxf1 19. Rxf1 Qd5 20. Qd3 Bf6 21.
Ng5 Bxg5 22. fxg5 e5 23. h4 e4 24. Qg3 e3 25. Be1 Rae8 26. h5 Qe5 27. Qh4 e2 28.
Rf3 f5 29. g6 h6 {White resigns} 0-1

[Event "Team 45 45 League T39"]
[Site "Internet Chess Club"]
[Date "2008.10.24"]
[Round "1"]
[White "dnmuscg"]
[Black "Cory"]
[Result "1-0"]
[WhiteElo "1964"]
[BlackElo "1547"]
[Opening "Ruy Lopez: old Steinitz defense"]
[ECO "C62"]
[Time "19:47:48"]
[TimeControl "2700+45"]

1. e4 e5 2. Nf3 Nc6 3. Bb5 d6 4. d4 Bd7 5. O-O Be7 6. d5 Nb8 7. Qd3 a6 8. Bxd7+
Nxd7 9. b4 Ngf6 10. c4 O-O 11. Bd2 c5 12. dxc6 bxc6 13. Nc3 a5 14. b5 cxb5 15.
Nxb5 Nc5 16. Qe2 Nfxe4 17. Be3 Ra6 18. Rfd1 f5 19. Bxc5 Nxc5 20. Nxe5 Bf6 21. f4
Qb6 22. Rxd6 Ne4+ 23. Rxb6 {Black resigns} 1-0

[Event "Team 45 45 League T39"]
[Site "Internet Chess Club"]
[Date "2008.10.26"]
[Round "1"]
[White "Luckydawg"]
[Black "rubo"]
[Result "0-1"]
[WhiteElo "1719"]
[BlackElo "1768"]
[Opening "English, 1...Nf6 (Anglo-Indian defense)"]
[ECO "A15"]
[Time "23:30:41"]
[TimeControl "2700+45"]

1. c4 Nf6 2. g3 g6 3. Bg2 Bg7 4. Nc3 c5 5. a3 Nc6 6. Rb1 O-O 7. b4 cxb4 8. axb4
Ne5 9. d3 d6 10. Nf3 Nxf3+ 11. Bxf3 Ng4 12. Qc2 Qb6 13. O-O Ne5 14. Bg2 Be6 15.
Be3 Qd8 16. Bxb7 Bh3 17. Bg2 Bxg2 18. Kxg2 Ng4 19. Bd2 e6 20. h3 Nf6 21. Qc1 a6
22. Bh6 d5 23. Bxg7 Kxg7 24. cxd5 Nxd5 25. Nxd5 Qxd5+ 26. Kh2 Rfc8 27. Qb2+ f6
28. Rbc1 e5 29. Rc5 Rxc5 30. bxc5 Rc8 31. Ra1 Qxc5 32. Kg1 a5 33. Qa2 Ra8 34.
Qb3 Ra7 35. Ra4 Qe7 36. Qd5 Qc7 37. Qc4 Qxc4 38. dxc4 Kf7 39. Kf1 f5 40. e4 h5
41. Ke2 Ke6 42. Ke3 Kd6 43. f4 exf4+ 44. Kxf4 fxe4 45. Kxe4 Kc5 46. Ke5 Ra6 47.
g4 hxg4 48. hxg4 Kc6 49. Kf6 Kc5+ 50. Kg5 Kd4 51. Kf4 Kc3 52. c5 Kb3 53. Ra1 Kb4
54. Rc1 Rc6 55. Rb1+ Kxc5 56. Rc1+ Kb5 57. Rb1+ Ka6 58. Ke5 Rc4 59. g5 a4 60.
Kf6 Rc6+ 61. Ke5 Ka5 62. Kd5 Rc3 63. Kd4 Rb3 64. Rxb3 axb3 65. Kc3 Ka4 66. Kb2
Kb4 67. Kb1 Kc3 68. Kc1 Kd4 69. Kb2 Ke5 70. Kxb3 Kf5 71. Kc3 Kxg5 72. Kd3 Kf4
73. Ke2 Kg3 74. Ke1 g5 75. Kf1 Kh2 {White resigns} 0-1

[Event "Team 45 45 League T39"]
[Site "Internet Chess Club"]
[Date "2008.10.22"]
[Round "1"]
[White "GamePlayer"]
[Black "BrerRabbit"]
[Result "1-0"]
[WhiteElo "1704"]
[BlackElo "1591"]
[Opening "French: exchange variation"]
[ECO "C01"]
[Time "19:00:21"]
[TimeControl "2700+45"]

1. e4 e6 2. d4 d5 3. exd5 exd5 4. Nc3 Nf6 5. Bf4 Bd6 6. Bxd6 Qxd6 7. Qe2+ Be6 8.
Qb5+ Qc6 9. Qxc6+ bxc6 10. Bd3 O-O 11. Nf3 Nbd7 12. h3 Rab8 13. b3 Rfe8 14. O-O
Nh5 15. Ng5 h6 16. Nxe6 Rxe6 17. Bf5 Re7 18. Rfe1 Rbe8 19. Rxe7 Rxe7 20. Bxd7
Rxd7 21. Re1 Nf6 22. Na4 Kf8 23. Nc5 Re7 24. Rxe7 Kxe7 25. Nd3 Nd7 26. Kf1 Kd6
27. Ke2 c5 28. dxc5+ Nxc5 29. f3 Nxd3 30. Kxd3 c5 31. a3 a5 32. c3 Ke5 33. b4
axb4 34. axb4 Kd6 35. h4 Kc6 36. h5 Kb5 37. f4 f5 38. Ke3 Kc4 39. bxc5 Kxc5 40.
Kd3 Kd6 41. Kd4 Ke6 42. Kc5 Kf6 43. Kxd5 g6 44. hxg6 Kxg6 45. Ke5 h5 46. Ke6 h4
47. c4 Kh5 48. Kxf5 {Black resigns} 1-0

[Event "Team 45 45 League T39"]
[Site "Internet Chess Club"]
[Date "2008.10.23"]
[Round "1"]
[White "bmw2002"]
[Black "rayngrant"]
[Result "0-1"]
[WhiteElo "1582"]
[BlackElo "1622"]
[Opening "English opening"]
[ECO "A20"]
[Time "21:40:58"]
[TimeControl "2700+45"]

1. c4 e5 2. g3 Nf6 3. Bg2 c6 4. Nc3 d5 5. cxd5 cxd5 6. d4 e4 7. f3 exf3 8. Nxf3
Nc6 9. O-O Be7 10. Bf4 a6 11. Rc1 O-O 12. a3 Qb6 13. b4 Bf5 14. Kh1 Rac8 15. e3
a5 16. b5 Bxa3 17. bxc6 Bxc1 18. Qxc1 Rxc6 19. Ne5 Rcc8 20. Qa3 Rfd8 21. Rb1
Bxb1 {White resigns} 0-1

[Event "Team 45 45 League T39"]
[Site "Internet Chess Club"]
[Date "2008.10.28"]
[Round "1"]
[White "albacore"]
[Black "AlPearson"]
[Result "1-0"]
[WhiteElo "1286"]
[BlackElo "1453"]
[Opening "King's Indian: London system"]
[ECO "A48"]
[Time "08:07:14"]
[TimeControl "2700+45"]

1. d4 Nf6 2. Nf3 g6 3. Bf4 Bg7 4. e3 O-O 5. Bd3 d6 6. Nbd2 c5 7. Ng5 cxd4 8. Qf3
dxe3 9. Bxe3 Nc6 10. Bf4 Nh5 11. O-O-O Nxf4 12. Qxf4 Qb6 13. Nb3 Nb4 14. Kb1
Nxd3 15. Rxd3 Bf5 16. Rf3 Rac8 17. Rc1 Bh6 18. Qh4 Kg7 19. g4 Bxg4 20. Qxg4 d5
21. h4 Rc6 22. Qd4+ Qxd4 23. Nxd4 Rc4 24. Rd1 e5 25. Nde6+ Kg8 26. Nxf8 Kxf8 27.
Rxf7+ Ke8 28. Rxh7 Bf8 29. Rh8 Rf4 30. Rxd5 Rxf2 31. Rxe5+ Kd7 32. c3 Bd6 33.
Rh7+ Kc6 34. Re6 a5 35. Rxd6+ Kxd6 36. Ne4+ Ke5 37. Nxf2 Kf5 38. Rxb7 Kf6 39.
Rd7 Kf5 40. c4 Kf6 41. c5 Kf5 42. c6 Kf6 43. c7 Kf5 44. c8=Q Kf6 45. Rd5 Kg7 46.
Qe6 Kh6 47. h5 Kg7 48. Qxg6+ Kf8 49. Qh7 Ke8 50. Rd7 Kf8 51. Qf7# {Black
checkmated} 1-0

[Event "Team 45 45 League T39"]
[Site "Internet Chess Club"]
[Date "2008.10.26"]
[Round "1"]
[White "C-Jones"]
[Black "tryanything"]
[Result "0-1"]
[WhiteElo "1625"]
[BlackElo "1705"]
[Opening "Ruy Lopez: closed, 7...O-O"]
[ECO "C88"]
[Time "18:03:03"]
[TimeControl "2700+45"]

1. e4 e5 2. Nf3 Nc6 3. Bb5 a6 4. Ba4 Nf6 5. O-O b5 6. Bb3 Be7 7. Re1 O-O 8. d4
d6 9. dxe5 dxe5 10. Qxd8 Rxd8 11. h3 Bb7 12. Nc3 h6 13. Nd5 Nxd5 14. Bxd5 Rab8
15. Bxc6 Bxc6 16. Nxe5 Bxe4 17. Rxe4 Rd1+ 18. Kh2 Bd6 19. g3 Re8 20. Re2 Rxe5
21. Rxe5 Bxe5 22. c3 b4 23. Bf4 Rxa1 24. Bxe5 bxc3 25. Bxc3 Rxa2 26. Kg2 f5 27.
b4 c6 28. Bd4 Rc2 29. Be3 Rc4 30. Bd2 c5 31. bxc5 Rxc5 32. h4 a5 33. Kf1 a4 34.
Bb4 Rb5 35. Bd6 Rb3 36. Ke2 a3 37. Kd2 a2 38. Be5 Rb1 {White resigns} 0-1

[Event "Team 45 45 League T39"]
[Site "Internet Chess Club"]
[Date "2008.10.26"]
[Round "1"]
[White "ChessChamp"]
[Black "chesskix"]
[Result "1-0"]
[WhiteElo "1701"]
[BlackElo "1639"]
[Opening "Sicilian: Labourdonnais-Löwenthal (Kalashnikov) variation"]
[ECO "B32"]
[Time "20:05:39"]
[TimeControl "2700+45"]

1. e4 c5 2. Nf3 Nc6 3. d4 cxd4 4. Nxd4 e5 5. Nb5 d6 6. N1c3 a6 7. Na3 Be7 8. Be3
Nf6 9. Nc4 Be6 10. Nb6 Rb8 11. Nbd5 Ng4 12. Bb6 Qd7 13. Nc7+ Kf8 14. Nxe6+ Qxe6
15. Nd5 Bd8 16. f3 Bxb6 17. Nxb6 Nf6 18. Qd2 h6 19. Bc4 Qe7 20. Rd1 Rd8 21. O-O
Qc7 22. Qf2 Nd4 23. c3 Ne6 24. a4 Nf4 25. a5 g5 26. b4 N6h5 27. Qa2 Kg7 28. g3
Ne6 29. Nd5 Qd7 30. Ne3 Nc7 31. Nf5+ Kf6 32. Rxd6+ Qxd6 33. Nxd6 Rxd6 34. Bxf7
Rhd8 35. Bxh5 Rd2 {Black resigns} 1-0